 Dungeon Crawl Stone Soup version 0.30.1 (webtiles) character file.

Game seed: 11121818036137634485

73 fishwithlegs the Chopper (level 4, -2/40 HPs)
             Began as a Hill Orc Fighter on July 6, 2023.
             Slain by a gnoll
             ... wielding a +0 spear
              (4 damage)
             ... on level 3 of the Dungeon.
             The game lasted 00:04:10 (1835 turns).

fishwithlegs the Chopper (Hill Orc Fighter)         Turns: 1835, Time: 00:04:11

Health: -2/40      AC: 13    Str: 20    XL:     4   Next: 27%
Magic:  13/13      EV:  5    Int:  8    God:
Gold:   218        SH:  4    Dex: 10    Spells: 3/3 levels left

rFire   . . .        a - +0 war axe
rCold   . . .        c - +0 buckler
rNeg    . . .        e - +0 plate armour
rPois   .            (no helmet)
rElec   .            n - +0 cloak
rCorr   .            (no gloves)
SInv    .            (no boots)
Will    .....        (no amulet) Stlth
                     k - ring of magical power
HPRegen 0.26/turn    (no ring)
MPRegen 0.13/turn

%: no passive effects
@: no status effects
A: no striking features
a: no special abilities


You were on level 3 of the Dungeon.
You visited 1 branch of the dungeon, and saw 3 of its levels.

You collected 218 gold pieces.

Inventory:

Hand Weapons
 a - a +0 war axe (weapon)
Missiles
 h - 10 poisoned darts (quivered)
Armour
 c - a +0 buckler (worn)
 e - a +0 plate armour (worn)
 n - a +0 cloak (worn)
Jewellery
 k - a ring of magical power (left hand)
Scrolls
 f - a scroll of summoning {unknown}
 g - a scroll of silence {unknown}
 j - 2 scrolls of identify {unknown}
 l - a scroll of teleportation {unknown}
 o - a scroll of immolation {unknown}
 q - a scroll of magic mapping {unknown}
 r - a scroll of enchant weapon {unknown}
 s - 2 scrolls of vulnerability {unknown}
Potions
 b - 2 potions of curing {unknown}
 d - a potion of might
 i - a potion of degeneration {unknown}
 m - a potion of brilliance {unknown}
 p - a potion of attraction {unknown}


   Skills:
 + Level 4.0 Fighting
 + Level 4.2 Axes
 + Level 4.0 Armour
 + Level 3.6 Shields


You had 3 spell levels left.
You didn't know any spells.
Your spell library contained the following spells:

 Spells                   Type           Power      Damage    Failure   Level
 Poisonous Vapours        Pois/Air       0%         N/A       100%        2
 Mephitic Cloud           Conj/Pois/Air  0%         N/A       100%        3
 Freezing Cloud           Conj/Ice/Air   0%         6-21      100%        5


Dungeon Overview and Level Annotations

Branches:
Dungeon (3/15)

Altars:
Fedhas


Message History

You slash the gnoll!
You kill the gnoll!
Your Axes skill increases to level 4!
Your Armour skill increases to level 4!
You have reached level 4!
You slash the goblin!
You kill the goblin!
The gnoll barely misses you. The gnoll hits you but does no damage.
You block the gnoll's attack. The gnoll barely misses you.
Things that are here:
a +0 club; a +0 spear You hit the gnoll but do no damage.
The gnoll closely misses you. The gnoll completely misses you.
You slash the gnoll!
The gnoll is severely wounded.
The gnoll hits you but does no damage. The gnoll completely misses you.
You slash the gnoll!
You kill the gnoll!
The gnoll hits you from afar with a +0 spear.
* * * LOW HITPOINT WARNING * * *
The gnoll completely misses you.
Things that are here:
a +0 halberd; a gnoll corpse You hit the gnoll.
The gnoll is lightly wounded.
The gnoll hits you but does no damage. You block the gnoll's attack.
You slash the gnoll!
The gnoll is almost dead.
The gnoll hits you with a +0 spear.
* * * LOW HITPOINT WARNING * * *
You barely miss the gnoll.
The gnoll is almost dead.
The gnoll hits you with a +0 spear.
* * * LOW HITPOINT WARNING * * *
You hit the gnoll but do no damage.
The gnoll is almost dead.
The gnoll hits you but does no damage. x2
You barely miss the gnoll.
The gnoll is almost dead.
The gnoll hits you with a +0 spear.
You die...

[.....#.#......#...............
......#.......#######...######
...........>### #...#
.....######## #...# #######.#
#...# <.......# #...#
#######.###### #...#
......#......########)..####
#####.######.#.g@))))).......
#.# ..#.#.############## #>#
#.#†# #.# #.#.# #.# #.#.# #.#
#.#.# #.# #.#.# #.# #.#.#
#.####.#.#


You could see a gnoll.

Vanquished Creatures
  Robin (D:3)
  2 gnolls (D:3)
  A dart slug (D:1)
  2 ball pythons
  2 endoplasms (D:2)
  A giant cockroach (D:1)
  10 goblins
  5 hobgoblins
  2 jackals (D:1)
  2 bats
  4 frilled lizards
  4 kobolds
  3 rats
39 creatures vanquished.

Notes
Turn   | Place    | Note
-------+----------+-------------------------------------------
     0 | D:1      | fishwithlegs the Hill Orc Fighter began the quest for the
                  | Orb.
     0 | D:1      | Reached XP level 1. HP: 19/19 MP: 1/1
   422 | D:1      | Reached XP level 2. HP: 27/27 MP: 2/2
  1056 | D:2      | Reached XP level 3. HP: 33/33 MP: 3/3
  1529 | D:2      | Found a blossoming altar of Fedhas.
  1800 | D:3      | Noticed Robin
  1815 | D:3      | Killed Robin
  1825 | D:3      | Reached XP level 4. HP: 6/40 MP: 4/4
  1833 | D:3      | HP: 2/40 [gnoll/+0 spear (4)]
  1835 | D:3      | Slain by a gnoll

Illustrated notes

Levels and vault maps discovered:
D:1:      roderic_crossed_star, layout_basic, minmay_misc_feat_enclosed
D:2:      layout_basic, basic_altar
D:3:      layout_basic, minmay_tree_intersection, uniq_robin

Skill      XL: |  1  2  3 |
---------------+----------+-----
Axes           | 3 4 |  4.2
Fighting       | 4 |  4.0
Armour         | 4 |  4.0
Shields        | |  3.6

Action                     |  1- 3 |  4- 6 || total
---------------------------+-------+-------++-------
  Melee: War axe           |    97 |     9 ||   106
 Armour: Scale mail        |     9 |       ||     9
         Plate armour      |    76 |     5 ||    81
  Dodge: Dodged            |    31 |     6 ||    37
  Block: Buckler           |    32 |     2 ||    34
